[Event "Titled Tuesday Blitz March 28 Late 2023"]
[White "Talibov, Shiroghlan"]
[Black "Panesso Rivera, Henry"]
[WhiteFideId "13429078"]
[BlackFideId "4402707"]
[WhiteElo "2218"]
[BlackElo "2345"]
[Result "1-0"]
[Round "03"]
[TimeControl "180+2"]
[Date "2023.03.28"]
[WhiteClock "0:00:10"]
[BlackClock "0:00:13"]

1. d4 d6 2. Bg5 h6 3. Bh4 g5 4. Bg3 Nf6 5. Nc3 Nh5 6. e4 Nxg3 7. hxg3 Bg7 8. Bc4 e6 9. Nf3 Qe7 10. Qd2 a6 11. a4 b6 12. O-O-O Bb7 13. Kb1 Nd7 14. Qe2 c5 15. d5 Bxc3 16. bxc3 e5 17. Kb2 Kf8 18. Ra1 Kg7 19. Nh2 Nf6 20. f3 h5 21. Nf1 Bc8 22. Ne3 a5 23. Bb5 Bd7 24. Ka3 Kg6 25. Rab1 Rab8 26. Bxd7 Qxd7 27. Qc4 Nh7 28. Nf5 Nf6 29. Ne3 Ne8 30. Qd3 Nc7 31. f4 b5 32. fxe5 b4+ 33. cxb4 axb4+ 34. Kb3 dxe5 35. Nc4 f6 36. Rhf1 Ne8 37. Qf3 Kg7 38. Qf5 Qxf5 39. Rxf5 h4 40. Rh1 hxg3 41. Rxh8 Kxh8 42. a5 Kg7 43. Rf1 Ra8 44. d6 Rd8 45. a6 Kf7 46. d7 Nc7 47. a7 Ra8 48. Nb6 Ke7 49. Nxa8 Nxa8 50. Rxf6 Kxd7 51. Rf8 c4+ 52. Kxb4 Nb6 53. a8=Q 1-0


[Site "https://www.chess.com"]

[Event "Titled Tuesday Blitz March 28 Late 2023"]
[White "Rustemov, Alexander"]
[Black "Poliakova, Varvara"]
[WhiteFideId "4119002"]
[BlackFideId "13518313"]
[WhiteElo "2860"]
[BlackElo "2075"]
[Result "1-0"]
[Round "03"]
[TimeControl "180+2"]
[Date "2023.03.28"]
[WhiteClock "0:00:16"]
[BlackClock "0:00:01"]

1. d4 f5 2. g3 d6 3. Nf3 Nf6 4. Bg2 g6 5. O-O Bg7 6. c4 O-O 7. Nc3 Nc6 8. d5 Ne5 9. Nxe5 dxe5 10. Qb3 e6 11. Rd1 Qe7 12. e4 exd5 13. cxd5 Qf7 14. Be3 f4 15. Bc5 Re8 16. f3 fxg3 17. hxg3 Nh5 18. Ne2 b6 19. Bf2 Bf8 20. Rac1 Bd6 21. Qd3 a6 22. b3 Bd7 23. a4 Rf8 24. Be3 Kg7 25. Rf1 h6 26. Kh2 g5 27. Bh3 Bxh3 28. Kxh3 Kh7 29. Kg2 Qg6 30. g4 Nf4+ 31. Bxf4 gxf4 32. Rh1 Rf6 33. Rh5 Qg7 34. Rch1 Rg6 35. Kf1 a5 36. Qb5 Rg8 37. Nc1 Rg5 38. Nd3 Rxh5 39. Rxh5 Qe7 40. Nb2 Rg5 41. Rh3 Kg6 42. Nd3 h5 43. Nf2 hxg4 44. Nxg4 Rh5 45. Rxh5 Kxh5 46. Qe2 Kg5 47. Qh2 Qg7 48. Ke2 Kg6 49. Qh4 Kf7 50. Kd3 Ke8 51. Nf6+ Kf7 52. Ng4 Ke8 53. Kc4 Kd7 54. Kb5 Kc8 55. Ka6 Qd7 56. Qh8+ Qd8 57. Qxd8+ Kxd8 58. Kb7 Ke7 59. Nh6 Kd7 60. Nf5 Bf8 61. Nh4 Bc5 62. Ng6 Bd6 63. Ka6 Bc5 64. Nxe5+ Kd6 65. Nc4+ Kd7 66. Kb7 Bd4 67. d6 c5 68. Kxb6 1-0


[Site "https://www.chess.com"]

[Event "Titled Tuesday Blitz March 28 Late 2023"]
[White "Shankland, Sam"]
[Black "Freitag, Manfred"]
[WhiteFideId "2004887"]
[BlackFideId "1602004"]
[WhiteElo "2638"]
[BlackElo "2275"]
[Result "1-0"]
[Round "03"]
[TimeControl "180+2"]
[Date "2023.03.28"]
[WhiteClock "0:01:38"]
[BlackClock "0:01:17"]

1. d4 Nf6 2. c4 g6 3. Nc3 Bg7 4. e4 d6 5. Nf3 O-O 6. Be2 e5 7. Be3 exd4 8. Nxd4 Re8 9. f3 c6 10. Bf2 d5 11. exd5 cxd5 12. O-O Nc6 13. c5 Nh5 14. Qd2 Be5 15. g3 Bh3 16. Rfe1 Ng7 17. Ndb5 a6 18. Nd6 Bxd6 19. cxd6 Qxd6 20. Qxd5 Qb4 21. Ne4 Nh5 22. Ng5 Be6 23. Nxe6 Rxe6 24. Qb3 Qxb3 25. axb3 Rd8 26. Bc4 Rxe1+ 27. Rxe1 Rd2 28. g4 Nf4 29. Be3 Nh3+ 30. Kf1 Rxh2 31. f4 Rxb2 32. Rd1 h5 33. gxh5 gxh5 34. Rd7 h4 35. Bxf7+ Kg7 36. Be6+ Kf6 37. Bxh3 Rxb3 38. Kf2 a5 39. Rc7 a4 40. Rc8 a3 41. Rf8+ Ke7 42. Bc5# 1-0


[Site "https://www.chess.com"]

[Event "Titled Tuesday Blitz March 28 Late 2023"]
[White "Adan Bermudez, Sergio"]
[Black "Urazayev, Arystanbek"]
[WhiteFideId "2292726"]
[BlackFideId "13709810"]
[WhiteElo "2292"]
[BlackElo "2479"]
[Result "0-1"]
[Round "03"]
[TimeControl "180+2"]
[Date "2023.03.28"]
[WhiteClock "0:00:43"]
[BlackClock "0:01:18"]

1. c4 e6 2. Nc3 d5 3. e3 Nf6 4. Nf3 c6 5. b3 Nbd7 6. Bb2 Bd6 7. Qc2 b6 8. cxd5 exd5 9. Nd4 Bb7 10. Nf5 Bf8 11. Be2 g6 12. Ng3 Bg7 13. O-O O-O 14. Rac1 h5 15. h3 h4 16. Nh1 Re8 17. f4 c5 18. Bf3 Rb8 19. Nf2 d4 20. exd4 Bxf3 21. gxf3 cxd4 22. Nb5 Nh5 23. Nd3 Nxf4 24. Nxf4 Qg5+ 25. Ng2 Re2 26. Rf2 Rxf2 27. Kxf2 d3 28. Qxd3 Bxb2 29. Rc7 Ne5 30. Qe4 Qg3+ 31. Kf1 Nxf3 32. Qf4 Qxf4 33. Nxf4 Be5 34. Ke2 Bxc7 35. Nxc7 Ne5 36. Nb5 a6 37. Nc3 Re8 38. Kf2 g5 39. Nfd5 Nd3+ 40. Kf3 Re6 41. Kg4 b5 42. Kxg5 b4 43. Nf6+ Rxf6 44. Kxf6 bxc3 45. dxc3 Nc1 46. c4 Nxa2 47. Kg5 a5 48. c5 Kf8 49. Kxh4 Nc1 50. Kg5 Nxb3 51. h4 Nxc5 52. h5 Kg7 0-1


[Site "https://www.chess.com"]

[Event "Titled Tuesday Blitz March 28 Late 2023"]
[White "Riehle, Marco"]
[Black "Defend1r"]
[WhiteFideId "12904392"]
[WhiteElo "2462"]
[BlackElo "2550"]
[Result "1-0"]
[Round "03"]
[TimeControl "180+2"]
[Date "2023.03.28"]
[WhiteClock "0:01:02"]
[BlackClock "0:00:01"]

1. e4 c5 2. a3 d6 3. b4 Nf6 4. d3 a6 5. f4 e6 6. Nf3 Nc6 7. Be2 cxb4 8. axb4 Nxb4 9. O-O Qb6+ 10. Kh1 Nc6 11. c3 Be7 12. Nbd2 Ng4 13. Qe1 Ne3 14. Nc4 Nxc4 15. dxc4 O-O 16. Bd3 e5 17. f5 Bd7 18. Rb1 Qc7 19. Qg3 Kh8 20. Bg5 Bxg5 21. Nxg5 f6 22. Nxh7 Kxh7 23. c5 d5 24. exd5 Na5 25. Rb4 Qxc5 26. Rg4 Rf7 27. Be4 Kg8 28. Rh4 Rc8 29. Qh3 Rff8 30. d6 Qxd6 31. Rh8+ Kf7 32. Qh5+ Ke7 33. Rh7 Rf7 34. Rd1 Qc5 35. Bd5 Rcf8 36. Bxf7 Rxf7 37. Rxd7+ Kxd7 38. Qxf7+ Kc6 39. Rxg7 Kb6 40. Qxf6+ Ka7 41. h4 Qxc3 42. Kh2 Qd4 43. Qg5 e4 44. f6 Qd6+ 45. g3 e3 46. Qxe3+ Kb8 47. Rg8+ Kc7 48. Qe7+ Qxe7 49. fxe7 1-0


[Site "https://www.chess.com"]

[Event "Titled Tuesday Blitz March 28 Late 2023"]
[White "Wagner, Dennis"]
[Black "angelgab3"]
[WhiteFideId "24650684"]
[WhiteElo "2470"]
[BlackElo "2532"]
[Result "1/2-1/2"]
[Round "03"]
[TimeControl "180+2"]
[Date "2023.03.28"]
[WhiteClock "0:00:15"]
[BlackClock "0:00:39"]

1. d4 Nf6 2. c4 e6 3. Nf3 d5 4. Nc3 dxc4 5. e3 a6 6. a4 c5 7. Bxc4 Nc6 8. O-O Be7 9. Qe2 cxd4 10. Rd1 e5 11. exd4 exd4 12. Nxd4 Nxd4 13. Qe5 Qd6 14. Qxd6 Bxd6 15. Rxd4 Bc5 16. Rd3 O-O 17. Be3 Bxe3 18. Rxe3 Bd7 19. Re7 Bc6 20. Rae1 Rac8 21. b3 Bxa4 22. Nxa4 b5 23. Nb6 Rc6 24. Rb7 bxc4 25. bxc4 Rd8 26. h3 g6 27. Ree7 Rd1+ 28. Kh2 Rb1 29. c5 Rxc5 30. Nd7 Rxb7 31. Nxf6+ Kg7 32. Rxb7 Kxf6 33. Rb6+ Kg7 34. Rxa6 h5 35. Ra4 Rf5 36. Kg3 Rf6 37. Rf4 Rd6 38. h4 Re6 39. f3 Rc6 40. Re4 Rb6 41. Kf4 Rf6+ 42. Ke3 Ra6 43. g4 Ra2 44. g5 Rh2 45. Rd4 Rh1 46. Kf2 Rh2+ 47. Kg3 Ra2 48. Re4 Ra5 49. Kf4 Rf5+ 50. Ke3 Ra5 51. Rd4 Rf5 52. Ke4 Ra5 53. Rc4 Rf5 54. Rd4 Ra5 55. Rc4 Rf5 56. Rb4 Rc5 57. Rd4 Rb5 58. Rd5 Rb4+ 59. Rd4 Rb1 60. Rd3 Rb7 61. Kf4 Re7 62. Kg3 Ra7 63. Rd4 Ra5 64. Re4 Rf5 65. Rf4 Rb5 66. Re4 Rc5 67. Kf4 Rd5 68. Re5 Rd4+ 69. Re4 Rd5 70. Ke3 Rb5 71. Rf4 Ra5 72. Kf2 Ra2+ 73. Kg3 Ra5 74. Re4 Ra6 75. Rf4 Rc6 76. Re4 Rd6 77. Rf4 Rc6 78. Re4 Rd6 79. Rf4 Rc6 1/2-1/2


[Site "https://www.chess.com"]

[Event "Titled Tuesday Blitz March 28 Late 2023"]
[White "Vaglio Munoz, Jaime"]
[Black "Horvath, Dominik"]
[WhiteFideId "6500145"]
[BlackFideId "1642561"]
[WhiteElo "2199"]
[BlackElo "2407"]
[Result "0-1"]
[Round "03"]
[TimeControl "180+2"]
[Date "2023.03.28"]
[WhiteClock "0:00:02"]
[BlackClock "0:00:41"]

1. Nf3 Nf6 2. g3 g6 3. Bg2 Bg7 4. O-O O-O 5. d4 d6 6. a4 a5 7. Nc3 d5 8. Ne5 c6 9. e4 e6 10. Be3 Nbd7 11. f4 dxe4 12. Nxe4 Nxe4 13. Bxe4 Qb6 14. Qd3 Nf6 15. d5 Qa6 16. Qxa6 bxa6 17. Bd3 cxd5 18. Bd2 Nd7 19. Rfe1 Nxe5 20. fxe5 Bb7 21. Bxa5 Rfc8 22. Bc3 Bf8 23. Bd4 a5 24. Kf2 Ba6 25. Bxa6 Rxa6 26. Re2 Rac6 27. c3 Rb8 28. Ke3 Rc4 29. Kd3 Bc5 30. Bxc5 Rxc5 31. Ra3 Kg7 32. b3 g5 33. Rb2 Kg6 34. b4 Rc4 35. Rab3 Ra8 36. Rf2 axb4 37. Rxb4 Rxb4 38. cxb4 Rxa4 39. Kc3 Ra3+ 40. Kd4 Rb3 41. Kc5 Rc3+ 42. Kb6 d4 43. b5 d3 44. g4 Rc2 45. Rf3 d2 46. Rd3 f6 47. exf6 Kxf6 48. Ka7 e5 49. b6 e4 50. Rd8 e3 0-1


[Site "https://www.chess.com"]

[Event "Titled Tuesday Blitz March 28 Late 2023"]
[White "Veiga, Jose Francisco R P Neves"]
[Black "Baches Garcia, Guillermo"]
[WhiteFideId "1930087"]
[BlackFideId "2209764"]
[WhiteElo "2320"]
[BlackElo "2477"]
[Result "1-0"]
[Round "03"]
[TimeControl "180+2"]
[Date "2023.03.28"]
[WhiteClock "0:00:16"]
[BlackClock "0:00:10"]

1. e4 d5 2. exd5 Qxd5 3. Nc3 Qa5 4. Nf3 c6 5. d4 Nf6 6. Bc4 Bf5 7. Bd2 e6 8. Nd5 Qd8 9. Nxf6+ gxf6 10. Bb3 Nd7 11. Bf4 Qa5+ 12. c3 O-O-O 13. Qe2 Bg6 14. O-O-O Nb6 15. Nh4 Bd6 16. Bxd6 Rxd6 17. Nxg6 hxg6 18. Qf3 f5 19. h4 Rhd8 20. h5 gxh5 21. Qxh5 R6d7 22. g4 c5 23. dxc5 Rxd1+ 24. Rxd1 Rxd1+ 25. Kxd1 Qxc5 26. Qxf7 fxg4 27. Bxe6+ Kb8 28. Qf4+ Ka8 29. Qxg4 a6 30. Qd4 Qc7 31. f4 Ka7 32. a4 a5 33. Qe5 Qd8+ 34. Kc2 Nxa4 35. Qd4+ Qxd4 36. cxd4 Kb6 37. f5 Kc7 38. Kb3 b5 39. Bc4 Kb6 40. f6 1-0


[Site "https://www.chess.com"]

[Event "Titled Tuesday Blitz March 28 Late 2023"]
[White "Papasimakopoulos, Alexandros"]
[Black "Urbina Perez, Juan Antonio"]
[WhiteFideId "4244125"]
[BlackFideId "2217368"]
[WhiteElo "2359"]
[BlackElo "2197"]
[Result "1-0"]
[Round "03"]
[TimeControl "180+2"]
[Date "2023.03.28"]
[WhiteClock "0:01:47"]
[BlackClock "0:01:45"]

1. d4 d5 2. c4 e6 3. Nc3 Nf6 4. cxd5 exd5 5. Bg5 c6 6. e3 Be7 7. Bd3 Nbd7 8. Qc2 h6 9. Bh4 Nh5 10. Bxe7 Qxe7 11. O-O-O Nb6 12. Kb1 Be6 13. Nf3 O-O-O 14. Rc1 Kb8 15. Na4 Nxa4 16. Qxa4 Bc8 17. Rc3 Nf6 18. Ra3 a6 19. Ne5 Rd6 20. Qb4 Ka7 21. Rxa6+ bxa6 22. Nxc6+ Rxc6 23. Qxe7+ Bb7 24. Qxf7 Rhc8 25. Qxg7 Ne4 26. Bxe4 dxe4 27. b3 Rc2 28. Qxh6 Rxf2 29. Rc1 Rxc1+ 30. Kxc1 Rxg2 31. h4 Rxa2 32. Qf4 Ra1+ 33. Kb2 Rh1 34. Qg5 1-0


[Site "https://www.chess.com"]

[Event "Titled Tuesday Blitz March 28 Late 2023"]
[White "Lorenzo De La Riva, Lazaro"]
[Black "Piesik, Piotr"]
[WhiteFideId "2268809"]
[BlackFideId "1136194"]
[WhiteElo "2294"]
[BlackElo "2311"]
[Result "0-1"]
[Round "03"]
[TimeControl "180+2"]
[Date "2023.03.28"]
[WhiteClock "0:00:11"]
[BlackClock "0:00:09"]

1. d4 c5 2. d5 e5 3. e4 d6 4. Nc3 Be7 5. Bb5+ Nd7 6. a4 Bg5 7. Nf3 Bxc1 8. Qxc1 Ne7 9. Qg5 O-O 10. h4 Nf6 11. h5 h6 12. Qh4 Bg4 13. Nd2 Bxh5 14. f3 Bg6 15. g4 Nh7 16. Qg3 Ng5 17. Be2 a6 18. Nd1 b5 19. a5 Bh7 20. Ne3 Ng6 21. Nf5 Nf4 22. Nf1 Bxf5 23. gxf5 c4 24. Ne3 f6 25. Ng4 Kf7 26. Rh2 Rh8 27. Qf2 h5 28. Ne3 h4 29. Ng4 h3 30. Bf1 Qc7 31. c3 Rab8 32. Qe3 b4 33. Ra4 Rb5 34. Rxb4 Rxb4 35. cxb4 Rb8 36. Qc3 Kg8 37. Nf2 Qa7 38. Nxh3 Nfxh3 39. Rxh3 Nxh3 40. Bxh3 Qg1+ 41. Bf1 Qd4 42. Bxc4 Qa7 43. Be2 Qb7 44. Qc6 Qxb4+ 45. Kf2 Kh7 46. Qd7 Qd4+ 47. Kg3 Rxb2 48. Qf7 Qg1+ 49. Kh3 Qh1+ 50. Kg3 Qg1+ 51. Kh3 Qg5 52. Qg6+ Qxg6 53. fxg6+ Kxg6 54. Bxa6 Ra2 55. Bc8 Rxa5 56. Bf5+ Kg5 57. Kg3 Ra3 58. Be6 g6 59. Bd7 f5 60. exf5 gxf5 61. Kf2 Kf4 62. Be6 Ra2+ 63. Ke1 Ra3 64. Ke2 Rxf3 65. Bxf5 Kxf5 66. Kd2 e4 0-1


[Site "https://www.chess.com"]

[Event "Titled Tuesday Blitz March 28 Late 2023"]
[White "Kollars, Dmitrij"]
[Black "Itkis, Boris"]
[WhiteFideId "12909572"]
[BlackFideId "1209167"]
[WhiteElo "2584"]
[BlackElo "2216"]
[Result "1-0"]
[Round "03"]
[TimeControl "180+2"]
[Date "2023.03.28"]
[WhiteClock "0:01:59"]
[BlackClock "0:00:59"]

1. Nf3 d5 2. e3 c5 3. c4 Nf6 4. cxd5 Nxd5 5. Nc3 Nxc3 6. dxc3 Qxd1+ 7. Kxd1 Bd7 8. e4 Nc6 9. Be3 e6 10. Kc2 O-O-O 11. Nd2 Be7 12. Be2 h5 13. f4 h4 14. a4 h3 15. g3 Na5 16. Rhb1 b6 17. b4 Nb7 18. a5 Bc6 19. axb6 axb6 20. Ra6 Kc7 21. b5 Rxd2+ 22. Bxd2 Bxe4+ 23. Bd3 Bxd3+ 24. Kxd3 Rd8+ 25. Kc2 c4 26. Be3 Bc5 27. Bxc5 Nxc5 28. Ra7+ Kb8 29. Rba1 Rd3 30. Ra8+ Kc7 31. R1a7+ Kd6 32. Rd8+ 1-0


[Site "https://www.chess.com"]

[Event "Titled Tuesday Blitz March 28 Late 2023"]
[White "Vovk, Orest"]
[Black "Gholami Orimi, Mahdi"]
[WhiteFideId "14113490"]
[BlackFideId "12558486"]
[WhiteElo "2215"]
[BlackElo "2363"]
[Result "0-1"]
[Round "03"]
[TimeControl "180+2"]
[Date "2023.03.28"]
[WhiteClock "0:00:49"]
[BlackClock "0:01:48"]

1. h4 c5 2. h5 Nc6 3. Nc3 d5 4. e4 d4 5. Nce2 e5 6. Ng3 Be7 7. Bc4 Na5 8. Bb5+ Bd7 9. Bxd7+ Qxd7 10. Nf3 Nc6 11. Nf5 Bf6 12. h6 g6 13. Ng7+ Kf8 14. d3 Bxg7 15. hxg7+ Kxg7 16. Bd2 f6 17. Qe2 Qe6 18. b3 h5 19. O-O-O a5 20. Rdg1 a4 21. Kb2 Nb4 22. Bxb4 cxb4 23. Nh4 Nh6 24. f3 axb3 25. axb3 Qc6 26. Rb1 Rhc8 27. Kc1 Ra2 28. Kd1 Qxc2+ 29. Qxc2 Rcxc2 30. Ke1 g5 31. Nf5+ Nxf5 32. exf5 h4 0-1


[Site "https://www.chess.com"]

[Event "Titled Tuesday Blitz March 28 Late 2023"]
[White "Alekseenko, Kirill"]
[Black "Yurasova, Daria"]
[WhiteFideId "4135539"]
[BlackFideId "34146919"]
[WhiteElo "2683"]
[BlackElo "2134"]
[Result "1-0"]
[Round "03"]
[TimeControl "180+2"]
[Date "2023.03.28"]
[WhiteClock "0:00:37"]
[BlackClock "0:00:03"]

1. d4 d5 2. Nc3 Nf6 3. Bf4 Bf5 4. f3 e6 5. g4 Bg6 6. h4 h5 7. g5 Nfd7 8. e3 Bd6 9. Nh3 Qe7 10. Bd3 Bxd3 11. Qxd3 g6 12. O-O-O O-O 13. e4 Nc6 14. exd5 Nb4 15. Qe2 Nxd5 16. Nxd5 exd5 17. Qxe7 Bxe7 18. Bxc7 Rfc8 19. Bg3 Rc4 20. Rhe1 Bf8 21. Re2 b5 22. Nf4 Nb6 23. Bf2 a5 24. Nd3 Rac8 25. Nc5 Na4 26. Nxa4 Rxa4 27. Kb1 Rac4 28. Rdd2 Bg7 29. Re7 R4c7 30. Rxc7 Rxc7 31. c3 b4 32. Kc2 Bf8 33. Bg3 Rc8 34. Kd3 a4 35. cxb4 Bxb4 36. Rc2 Re8 37. a3 Bf8 38. Be5 Bg7 39. f4 Bf8 40. Rc6 Ra8 41. Rb6 Be7 42. Rb5 Rd8 43. Ra5 Rc8 44. Rxa4 Bf8 45. Ra5 Rc1 46. Ra8 f6 47. Bd6 1-0


[Site "https://www.chess.com"]

[Event "Titled Tuesday Blitz March 28 Late 2023"]
[White "Quinones Garcia, Santiago"]
[Black "Sargsyan, Shant"]
[WhiteFideId "4408497"]
[BlackFideId "13306766"]
[WhiteElo "2263"]
[BlackElo "2628"]
[Result "0-1"]
[Round "03"]
[TimeControl "180+2"]
[Date "2023.03.28"]
[WhiteClock "0:01:42"]
[BlackClock "0:02:16"]

1. d4 g6 2. c4 Nf6 3. Nc3 Bg7 4. e4 d6 5. Nf3 O-O 6. h3 Na6 7. Be3 e5 8. d5 Nc5 9. Nd2 a5 10. g4 c6 11. a3 a4 12. Qc2 Qa5 13. Be2 Bd7 14. Kf1 Rfc8 15. Kg2 Ne8 16. h4 cxd5 17. cxd5 b5 18. h5 Rab8 19. hxg6 fxg6 20. Rh4 b4 21. axb4 Qxb4 22. Nc4 Nb3 23. Rah1 Rxc4 24. Bxc4 Qxc4 25. Bh6 Nf6 26. Bxg7 Kxg7 27. Qd2 Nxd2 0-1


[Site "https://www.chess.com"]

[Event "Titled Tuesday Blitz March 28 Late 2023"]
[White "Romkachess"]
[Black "Makarian, Rudik"]
[BlackFideId "44105681"]
[WhiteElo "2503"]
[BlackElo "2436"]
[Result "1-0"]
[Round "03"]
[TimeControl "180+2"]
[Date "2023.03.28"]
[WhiteClock "0:00:31"]
[BlackClock "0:00:04"]

1. e4 c5 2. Nf3 e6 3. d4 cxd4 4. Nxd4 Nc6 5. Nc3 Qc7 6. Be3 a6 7. Qd2 Nf6 8. f4 Bb4 9. Bd3 b5 10. a3 Ba5 11. b4 Bb6 12. Nde2 d6 13. Bxb5 Bxe3 14. Bxc6+ Qxc6 15. Qxe3 O-O 16. O-O Bb7 17. Nd4 Qc4 18. Rad1 Rac8 19. Rd3 Rfd8 20. Rfd1 g6 21. h3 Qc7 22. e5 dxe5 23. Qxe5 Qxe5 24. fxe5 Nd5 25. Nb3 Re8 26. Nc5 Nxc3 27. Rxc3 Bd5 28. Rcd3 Rc7 29. Rd4 Kg7 30. c4 Bc6 31. Nxa6 Ra7 32. b5 Ba8 33. Rd6 Rc8 34. c5 Bb7 35. Rd7 Rca8 36. Rf1 Bxa6 37. Rfxf7+ 1-0


[Site "https://www.chess.com"]

[Event "Titled Tuesday Blitz March 28 Late 2023"]
[White "Estrada Nieto, Julian"]
[Black "Durarbayli, Vasif"]
[WhiteFideId "5101018"]
[BlackFideId "13402935"]
[WhiteElo "2176"]
[BlackElo "2543"]
[Result "0-1"]
[Round "03"]
[TimeControl "180+2"]
[Date "2023.03.28"]
[WhiteClock "0:00:02"]
[BlackClock "0:00:16"]

1. e4 e5 2. Nf3 Nc6 3. Bb5 a6 4. Ba4 Nf6 5. O-O Be7 6. d3 b5 7. Bb3 O-O 8. a4 Rb8 9. axb5 axb5 10. c3 d6 11. h3 b4 12. Re1 bxc3 13. bxc3 Be6 14. Nbd2 d5 15. Ba4 dxe4 16. dxe4 Rb6 17. Bxc6 Rxc6 18. Nxe5 Rc5 19. Nef3 Rxc3 20. Bb2 Rd3 21. Qc2 Nh5 22. Red1 Nf4 23. Ne5 Bc5 24. Nxd3 Nxd3 25. Nf3 Bxf2+ 26. Kf1 Bg3 27. Rxd3 Qc8 28. Qc3 f6 29. Kg1 c5 30. Rc1 c4 31. Rd2 Bf4 32. Re2 Rd8 33. Rce1 Rd3 34. Qa5 Bxh3 35. Nd4 Bg4 36. Qd5+ Kh8 37. Nf5 Rxd5 38. Ne7 Qc5+ 0-1


[Site "https://www.chess.com"]

[Event "Titled Tuesday Blitz March 28 Late 2023"]
[White "Tari, Aryan"]
[Black "Dauner, Benedikt"]
[WhiteFideId "1510045"]
[BlackFideId "16225899"]
[WhiteElo "2583"]
[BlackElo "2205"]
[Result "1-0"]
[Round "03"]
[TimeControl "180+2"]
[Date "2023.03.28"]
[WhiteClock "0:00:19"]
[BlackClock "0:00:17"]

1. Nf3 g6 2. e4 Bg7 3. d4 d6 4. Bd3 Nf6 5. c3 O-O 6. O-O e6 7. Re1 b6 8. Nbd2 Bb7 9. Nf1 Nc6 10. Ng3 a6 11. h4 Ne7 12. h5 Re8 13. h6 Bh8 14. Bg5 Qd7 15. e5 Nfd5 16. Ne4 b5 17. Nh2 dxe5 18. Nc5 Qc6 19. Nxb7 Qxb7 20. dxe5 Rad8 21. Qf3 c5 22. Ng4 Qc7 23. Be4 Nf5 24. Bxd8 Rxd8 25. Rad1 Nfe7 26. Bxd5 Nxd5 27. g3 c4 28. Rd4 Re8 29. Rxd5 exd5 30. Nf6+ Kf8 31. Nxh7+ Ke7 32. Nf6 Rd8 33. Nxd5+ Rxd5 34. Qxd5 b4 35. cxb4 c3 36. bxc3 a5 37. a3 Kf8 38. Qd6+ Qxd6 39. exd6 Bxc3 40. d7 Bh8 41. Re8# 1-0


[Site "https://www.chess.com"]

[Event "Titled Tuesday Blitz March 28 Late 2023"]
[White "Baskakov, Egor"]
[Black "Hirneise, Jens"]
[WhiteFideId "24197866"]
[BlackFideId "24614734"]
[WhiteElo "2212"]
[BlackElo "2345"]
[Result "0-1"]
[Round "03"]
[TimeControl "180+2"]
[Date "2023.03.28"]
[WhiteClock "0:00:28"]
[BlackClock "0:01:09"]

1. e4 c6 2. d4 d5 3. e5 Bf5 4. Ne2 e6 5. Ng3 Bg6 6. h4 h6 7. h5 Bh7 8. Bd3 Bxd3 9. cxd3 Nd7 10. Be3 c5 11. dxc5 Nxe5 12. d4 Nc6 13. Nc3 Nf6 14. O-O b6 15. b4 bxc5 16. dxc5 Be7 17. b5 Ne5 18. c6 O-O 19. a4 Nc4 20. Bc1 Bb4 21. Qb3 Bd6 22. Nce2 e5 23. Rd1 Qc8 24. Rxd5 Nxd5 25. Qxc4 Qe6 26. Nf5 Qxf5 27. Qxd5 Rfd8 28. Ng3 Qg4 29. Qe4 Qxe4 30. Nxe4 Bc7 31. Be3 f5 32. Nc5 f4 33. Ne6 fxe3 34. Nxd8 exf2+ 35. Kxf2 Rxd8 36. Kf3 Kf7 37. a5 Rb8 38. b6 axb6 39. a6 Ra8 40. Ke4 Ke6 41. g4 b5 42. a7 b4 43. Rb1 Rxa7 44. Rxb4 Bd6 45. Rc4 Bc7 46. Rb4 Ra6 47. Rc4 Ra1 48. Rb4 Rc1 49. Ra4 Rxc6 50. Ra8 Rc4+ 51. Kf3 Rf4+ 52. Kg3 Rf7 53. Ra6+ Bd6 54. Kh4 e4 55. g5 Rf4+ 56. Kh3 hxg5 0-1


[Site "https://www.chess.com"]

[Event "Titled Tuesday Blitz March 28 Late 2023"]
[White "Zierk, Steven"]
[Black "Koutlas, Nikolaos"]
[WhiteFideId "2034255"]
[BlackFideId "25827138"]
[WhiteElo "2494"]
[BlackElo "2215"]
[Result "1-0"]
[Round "03"]
[TimeControl "180+2"]
[Date "2023.03.28"]
[WhiteClock "0:00:15"]
[BlackClock "0:00:07"]

1. e4 c5 2. Nf3 Nc6 3. Bb5 g6 4. O-O Bg7 5. c3 Nf6 6. Re1 O-O 7. d4 d5 8. e5 Ne4 9. Be3 Bd7 10. a4 Rc8 11. Nbd2 cxd4 12. cxd4 Nb4 13. Qb3 Nc2 14. Qxd5 Nxd2 15. Qxd7 Nxf3+ 16. gxf3 Nxe1 17. Rxe1 Qa5 18. Re2 Rc7 19. b4 Rxd7 20. bxa5 Rc7 21. f4 e6 22. d5 exd5 23. Bxa7 Bh6 24. Be3 d4 25. Bxd4 Bxf4 26. Kg2 Rc1 27. a6 bxa6 28. Bxa6 Rd8 29. Re4 Bg5 30. h4 Be7 31. Be3 Rc3 32. Bc4 Rc8 33. Bd5 Bc5 34. Bg5 Rc2 35. Rf4 Rc7 36. e6 fxe6 37. Bxe6+ Kg7 38. h5 h6 39. Bf6+ Kh7 40. hxg6+ Kxg6 41. Be5 Bxf2 42. Bf5+ Kg5 43. Bxc2 Rxc2 44. Rxf2 Rc5 45. Bd4 Ra5 46. Ra2 Kf5 47. Bb6 Ra6 48. a5 Ke4 49. Rd2 Ra8 50. Rd8 Rxd8 51. Bxd8 Kd5 52. a6 Kc6 53. Kh3 Kd7 54. a7 1-0


[Site "https://www.chess.com"]

[Event "Titled Tuesday Blitz March 28 Late 2023"]
[White "Bachmann, Axel"]
[Black "Miszler, Levente"]
[WhiteFideId "3700488"]
[BlackFideId "763276"]
[WhiteElo "2605"]
[BlackElo "2176"]
[Result "1-0"]
[Round "03"]
[TimeControl "180+2"]
[Date "2023.03.28"]
[WhiteClock "0:00:49"]
[BlackClock "0:00:03"]

1. Nf3 Nf6 2. c4 e6 3. b4 Bxb4 4. Bb2 Be7 5. g4 d5 6. g5 Nh5 7. Rg1 O-O 8. e3 g6 9. Nc3 c5 10. cxd5 exd5 11. d4 c4 12. Ne5 Nc6 13. h4 Bf5 14. Bg2 Nb4 15. Kf1 Bd3+ 16. Nxd3 Nxd3 17. Rb1 Qa5 18. Ba1 Rfd8 19. Rb5 Qa3 20. Bxd5 Bb4 21. Qf3 Rd7 22. Ne4 Qc1+ 23. Kg2 Ne1+ 24. Rxe1 Qxe1 25. Bxc4 Qxa1 26. Rxb4 Rc8 27. Nc5 Re7 28. Rxb7 Rxb7 29. Qxb7 Rf8 30. Nd7 Qd1 31. Ne5 Ng7 32. Bxf7+ Kh8 33. Qe7 Rb8 34. Qf6 Rc8 35. h5 Rc1 36. Qd8+ Ne8 37. Qxe8+ Kg7 38. h6# 1-0


[Site "https://www.chess.com"]

[Event "Titled Tuesday Blitz March 28 Late 2023"]
[White "Gasparyan, David"]
[Black "Babazada, Khazar"]
[WhiteFideId "13311980"]
[BlackFideId "13413554"]
[WhiteElo "2486"]
[BlackElo "2364"]
[Result "0-1"]
[Round "03"]
[TimeControl "180+2"]
[Date "2023.03.28"]
[WhiteClock "0:00:39"]
[BlackClock "0:01:01"]

1. c4 e5 2. g3 Nc6 3. Bg2 Nf6 4. Nc3 Bb4 5. e3 Bxc3 6. bxc3 O-O 7. d4 Re8 8. Ne2 d6 9. O-O Bd7 10. Rb1 Qc8 11. Ba3 Bh3 12. c5 Bxg2 13. Kxg2 d5 14. Qc2 b6 15. c4 exd4 16. exd4 dxc4 17. Qxc4 Qf5 18. cxb6 Na5 19. Qb5 Qe4+ 20. Kg1 cxb6 21. Rfe1 Qd5 22. Nf4 Rxe1+ 23. Rxe1 Qxb5 24. d5 Nxd5 25. Re5 Qb1+ 26. Kg2 Nxf4+ 27. gxf4 Nc4 28. Re2 Nxa3 29. f5 Qxf5 30. h3 Nc4 31. Kh2 Ne5 32. Kg1 Rd8 33. f4 Rd1+ 34. Kg2 Qg6+ 0-1


[Site "https://www.chess.com"]

[Event "Titled Tuesday Blitz March 28 Late 2023"]
[White "Sohal, Tanraj"]
[Black "Mammadov, Zaur"]
[WhiteFideId "2608499"]
[BlackFideId "13401033"]
[WhiteElo "2213"]
[BlackElo "2441"]
[Result "0-1"]
[Round "03"]
[TimeControl "180+2"]
[Date "2023.03.28"]
[WhiteClock "0:00:02"]
[BlackClock "0:00:14"]

1. e4 e6 2. d4 d5 3. exd5 exd5 4. Nf3 Nc6 5. Bd3 Bg4 6. c3 Bd6 7. h3 Bh5 8. Be3 Nge7 9. Nbd2 Qd7 10. Qc2 O-O-O 11. O-O-O Rde8 12. Kb1 Bg6 13. Rhe1 Bxd3 14. Qxd3 f6 15. Nb3 b6 16. Bc1 Kb7 17. Re2 Nf5 18. Rde1 Rxe2 19. Rxe2 h5 20. Na1 g5 21. Nc2 g4 22. Ng1 Rg8 23. hxg4 hxg4 24. Ne3 Nce7 25. Nxf5 Nxf5 26. Re1 Rh8 27. Ne2 Rh2 28. Rg1 Rh7 29. Bf4 Re7 30. Bxd6 Nxd6 31. Nc1 Qe8 32. Qd1 f5 33. Nd3 Re2 34. Re1 Rxe1 35. Qxe1 Qh5 36. Nf4 Qh2 37. Nxd5 Qxg2 38. Nf4 Qf3 39. Qe3 Qxe3 40. fxe3 Nc4 41. Ng2 Kc6 42. Kc2 Kd5 43. b3 Ke4 44. bxc4 Kf3 45. Nh4+ Kxe3 46. Nxf5+ Kf4 47. Nh4 g3 48. Kd2 Kg4 49. Ng2 Kf3 50. Ne1+ Kf2 51. Nd3+ Kf3 52. c5 bxc5 53. dxc5 Ke4 54. Ne1 Kd5 55. Ng2 Kxc5 56. Kd3 Kb5 57. Kd4 Ka4 0-1


[Site "https://www.chess.com"]